PCL
ALBUQUERQUE ISOTOPES @ FRESNO GRIZZLIES
04/30/2024
 
TOP OF THE 1ST
Albuquerque Isotopes batting - Pitching for Fresno Grizzlies : RHP Pat Swain
Pitching: RHP Pat Swain
Batting: LHB Travis Jankowski 0-0: Ball
1-0: Ball
2-0: Ball
3-0: Base on Balls
Batting: RHB Luis De La Rosa 0-0: Sac Bunt to 15 - play at first, batter OUT! 1-3
Travis Jankowski to second
Batting: RHB Roberto Sierra 0-0: Called Strike
0-1: Ball
1-1: 2-RUN HOME RUN (Flyball, 7D, EV 94.4 MPH), Distance : 365 ft
Batting: LHB Ramón Ortíz 0-0: Ball
1-0: Foul Ball, location: 25F
1-1: Swinging Strike
1-2: Fly out, F8 (Flyball, 89D, EV 96.3 MPH)
Batting: RHB Jeffrey Sherman 0-0: Foul Ball, location: 3F, Error on foul ball, E3
0-1: Ball
1-1: Foul Ball, location: 2F
1-2: Ball
2-2: Single, Error in OF, E8, batter to second base (Groundball, 6MD, EV 103.8 MPH)
Batting: RHB Matt Meeks 0-0: Ball
1-0: Ball
2-0: Ground out U3 (Groundball, 34S, EV 89.4 MPH)
Top of the 1st over - 2 runs, 2 hits, 2 errors, 1 left on base; Albuquerque 2 - Fresno 0
BOTTOM OF THE 1ST
Fresno Grizzlies batting - Pitching for Albuquerque Isotopes : RHP Shao-qi Fung
Pitching: RHP Shao-qi Fung
Batting: LHB Estevan Florial 0-0: Ball
1-0: Ground out U3 (Groundball, 3, EV 100.0 MPH)
Batting: LHB Kensuke Kondoh 0-0: Ball
1-0: Called Strike
1-1: Fly out, F8 (Line Drive, 8RD, EV 105.6 MPH)
Batting: LHB Oscar Colas 0-0: Foul Ball, location: 2F
0-1: Ball
1-1: Called Strike
1-2: Ball
2-2: Ball
3-2: Foul Ball, location: 5F
3-2: Foul Ball, location: 2F
3-2: Base on Balls
Batting: LHB Joe Kopriva 0-0: Called Strike
0-1: Ball
1-1: Swinging Strike
1-2: Fielders Choice at 2nd, 6-4 (Groundball, 6, EV 85.6 MPH)
Bottom of the 1st over - 0 runs, 0 hits, 0 errors, 1 left on base; Albuquerque 2 - Fresno 0
TOP OF THE 2ND
Albuquerque Isotopes batting - Pitching for Fresno Grizzlies : RHP Pat Swain
Batting: RHB Calvin Ashley 0-0: Ball
1-0: Foul Ball, location: 2F
1-1: Swinging Strike
1-2: Ground out 6-3 (Groundball, 6M, EV 77.5 MPH)
Batting: RHB Jesús Galló 0-0: Called Strike
0-1: Ball
1-1: Foul Ball, location: 5SF
1-2: Strikes out swinging
Batting: SHB Drake MacOwl 0-0: Called Strike
0-1: Ball
1-1: Swinging Strike
1-2: Strikes out swinging
Top of the 2nd over - 0 runs, 0 hits, 0 errors, 0 left on base; Albuquerque 2 - Fresno 0
BOTTOM OF THE 2ND
Fresno Grizzlies batting - Pitching for Albuquerque Isotopes : RHP Shao-qi Fung
Batting: RHB Dave Carmera 0-0: Swinging Strike
0-1: Ball
1-1: Ground out 6-3 (Groundball, 6S, EV 80.0 MPH)
Batting: LHB Jacob Sanford 0-0: Ball
1-0: Ball
2-0: Called Strike
2-1: Ball
3-1: Foul Ball, location: 2F
3-2: Ground out 4-3 (Groundball, 4, EV 105.6 MPH)
Batting: RHB John Gilliam 0-0: Ball
1-0: Ball
2-0: Ground out 6-3 (Groundball, 6S, EV 61.3 MPH)
Bottom of the 2nd over - 0 runs, 0 hits, 0 errors, 0 left on base; Albuquerque 2 - Fresno 0
TOP OF THE 3RD
Albuquerque Isotopes batting - Pitching for Fresno Grizzlies : RHP Pat Swain
Batting: LHB Travis Jankowski 0-0: Foul Ball, location: 3F
0-1: Bunt for hit to 3S - play at first, batter OUT! 3-4
Batting: RHB Luis De La Rosa 0-0: SINGLE (Groundball, 6MS, EV 69.4 MPH) (infield hit)
Batting: RHB Roberto Sierra 0-0: Foul Ball, location: 2F
0-1: Ball
1-1: SINGLE (Line Drive, 56D, EV 99.4 MPH)
Luis De La Rosa to second
Batting: LHB Ramón Ortíz 0-0: Called Strike
0-1: Fly out, F7 (Flyball, 7S, EV 78.8 MPH)
Batting: RHB Jeffrey Sherman 0-0: Swinging Strike
0-1: Foul Ball, location: 2F
0-2: Strikes out swinging
Top of the 3rd over - 0 runs, 2 hits, 0 errors, 2 left on base; Albuquerque 2 - Fresno 0
BOTTOM OF THE 3RD
Fresno Grizzlies batting - Pitching for Albuquerque Isotopes : RHP Shao-qi Fung
Batting: LHB Michael Perez 0-0: Ground out 4-3 (Groundball, 4, EV 82.5 MPH)
Batting: LHB CJ Alexander 0-0: Swinging Strike
0-1: Foul Ball, location: 3F
0-2: Fly out, F9 (Flyball, 89D, EV 99.4 MPH)
Batting: LHB Estevan Florial 0-0: Ball
1-0: Ball
2-0: Ball
3-0: Base on Balls
Batting: LHB Kensuke Kondoh 0-0: Called Strike
0-1: Swinging Strike
0-2: Fly out, F5 (Line Drive, 5L, EV 65.6 MPH)
Bottom of the 3rd over - 0 runs, 0 hits, 0 errors, 1 left on base; Albuquerque 2 - Fresno 0
TOP OF THE 4TH
Albuquerque Isotopes batting - Pitching for Fresno Grizzlies : RHP Pat Swain
Batting: RHB Matt Meeks 0-0: Fly out, F7 (Flyball, 7LMF, EV 104.4 MPH)
Batting: RHB Calvin Ashley 0-0: Called Strike
0-1: Ball
1-1: Foul Ball, location: 9LMF
1-2: Foul Ball, location: 5F
1-2: Fly out, F3 (Popup, 3SF, EV 86.3 MPH)
Batting: RHB Jesús Galló 0-0: Ball
1-0: SINGLE (Groundball, 6MD, EV 101.9 MPH)
Batting: SHB Drake MacOwl 0-0: Fly out, F4 (Line Drive, 4, EV 63.8 MPH)
Top of the 4th over - 0 runs, 1 hit, 0 errors, 1 left on base; Albuquerque 2 - Fresno 0
BOTTOM OF THE 4TH
Fresno Grizzlies batting - Pitching for Albuquerque Isotopes : RHP Shao-qi Fung
Batting: LHB Oscar Colas 0-0: Ball
1-0: Ball
2-0: Ball
3-0: Called Strike
3-1: Base on Balls
Batting: LHB Joe Kopriva 0-0: Ball
1-0: Grounds into double play, 3-6-3 (Groundball, 3, EV 108.1 MPH)
Batting: RHB Dave Carmera 0-0: Foul Ball, location: 5F
0-1: Swinging Strike
0-2: Foul Ball, location: 2F
0-2: Ball
1-2: Ball
2-2: Ball
3-2: Strikes out looking
Bottom of the 4th over - 0 runs, 0 hits, 0 errors, 0 left on base; Albuquerque 2 - Fresno 0
TOP OF THE 5TH
Albuquerque Isotopes batting - Pitching for Fresno Grizzlies : RHP Pat Swain
Batting: LHB Travis Jankowski 0-0: Ball
1-0: Called Strike
1-1: Called Strike
1-2: Ground out 4-3 (Groundball, 4, EV 86.9 MPH)
Batting: RHB Luis De La Rosa 0-0: Called Strike
0-1: Called Strike
0-2: Ball
1-2: Ball
2-2: SINGLE (Line Drive, 4MD, EV 96.3 MPH)
Batting: RHB Roberto Sierra 0-0: Ball
1-0: Ball
2-0: Called Strike
2-1: Ball
3-1: Called Strike
3-2: DOUBLE (Line Drive, 9LS, EV 89.4 MPH)
Luis De La Rosa to third
Batting: LHB Ramón Ortíz 0-0: Ball
1-0: Called Strike
1-1: SINGLE (Groundball, 4M, EV 103.1 MPH)
Luis De La Rosa scores
Roberto Sierra to third
Runner from 3rd tries for Home, SAFE, throw by CF to home
Batting: RHB Jeffrey Sherman 0-0: Called Strike
0-1: Ball
1-1: Foul Ball, location: 2F
1-2: Foul Ball, location: 9LSF
1-2: Ball
2-2: Ball
3-2: Fielders Choice at 2nd, 1-6 (Groundball, 34S, EV 71.3 MPH)
Batting: RHB Matt Meeks 0-0: Called Strike
0-1: Swinging Strike
0-2: Ball
1-2: Foul Ball, location: 23FF
1-2: Ball
2-2: Strikes out swinging
Top of the 5th over - 2 runs, 3 hits, 0 errors, 1 left on base; Albuquerque 4 - Fresno 0
BOTTOM OF THE 5TH
Fresno Grizzlies batting - Pitching for Albuquerque Isotopes : RHP Shao-qi Fung
Batting: LHB Jacob Sanford 0-0: Swinging Strike
0-1: Ball
1-1: Ball
2-1: Foul Ball, location: 5SF
2-2: Strikes out swinging
Batting: RHB John Gilliam 0-0: Ball
1-0: Called Strike
1-1: DOUBLE (Flyball, 8LXD, EV 108.8 MPH)
Batting: LHB Michael Perez 0-0: Ball
1-0: Swinging Strike
1-1: Foul Ball, location: 7LMFF
1-2: Ball
2-2: Strikes out swinging
Batting: LHB CJ Alexander 0-0: Called Strike
0-1: Fly out, F7 (Flyball, 78M, EV 103.1 MPH)
Bottom of the 5th over - 0 runs, 1 hit, 0 errors, 1 left on base; Albuquerque 4 - Fresno 0
TOP OF THE 6TH
Albuquerque Isotopes batting - Pitching for Fresno Grizzlies : RHP Pat Swain
Batting: RHB Calvin Ashley 0-0: Foul Ball, location: 9LMF
0-1: DOUBLE (Flyball, 7LD, EV 106.3 MPH)
Batting: RHB Jesús Galló 0-0: Called Strike
0-1: Ball
1-1: Called Strike
1-2: Ground out 5-3 (Groundball, 56S, EV 90.0 MPH)
Batting: SHB Drake MacOwl 0-0: SINGLE (Groundball, 34D, EV 98.1 MPH)
Calvin Ashley to third
Batting: LHB Travis Jankowski 0-0: Called Strike
0-1: Foul Ball, location: 9LMF
0-2: Strikes out swinging
Batting: RHB Luis De La Rosa 0-0: Ball
1-0: Ball
2-0: Called Strike
2-1: Ground out 3-1 (Groundball, 34, EV 97.5 MPH)
Top of the 6th over - 0 runs, 2 hits, 0 errors, 2 left on base; Albuquerque 4 - Fresno 0
BOTTOM OF THE 6TH
Fresno Grizzlies batting - Pitching for Albuquerque Isotopes : RHP Shao-qi Fung
Batting: LHB Estevan Florial 0-0: Called Strike
0-1: Swinging Strike
0-2: Ball
1-2: Foul Ball, location: 3F
1-2: Ball
2-2: Foul Ball, location: 2F
2-2: Foul Ball, location: 3SF
2-2: Ball
3-2: SINGLE (Groundball, P, EV 81.3 MPH) (infield hit)
Pinch Runner at 1st Wander Javier:
Batting: LHB Kensuke Kondoh 0-0: Foul Ball, location: 23FF
0-1: Fly out, F9 (Line Drive, 9, EV 100.6 MPH)
Batting: LHB Oscar Colas 0-0: Ball
1-0: Ball
Wild Pitch!
Wander Javier to second
2-0: Ball
3-0: Ground out 2-3 (Groundball, 13S, EV 66.3 MPH)
Batting: LHB Joe Kopriva 0-0: Called Strike
0-1: Ball
1-1: Foul Ball, location: 2F
1-2: Foul Ball, location: 7LDF
1-2: Ball
2-2: Fly out, F8 (Line Drive, 8LD, EV 85.0 MPH)
Bottom of the 6th over - 0 runs, 1 hit, 0 errors, 1 left on base; Albuquerque 4 - Fresno 0
TOP OF THE 7TH
Albuquerque Isotopes batting - Pitching for Fresno Grizzlies : RHP Pat Swain
Now in CF: Colton Cowser
Batting: RHB Roberto Sierra 0-0: Ball
1-0: Swinging Strike
1-1: Foul Ball, location: 2F
1-2: Foul Ball, location: 3F
1-2: Ball
2-2: Ball
3-2: Fly out, F8 (Flyball, 8LD, EV 85.6 MPH)
Batting: LHB Ramón Ortíz 0-0: Ball
1-0: Ball
2-0: DOUBLE (Line Drive, 9LM, EV 106.9 MPH)
Pitching: RHP Michel Baez
Batting: RHB Jeffrey Sherman 0-0: Ball
1-0: Ball
Wild Pitch!
Ramón Ortíz to third
2-0: Ball
3-0: Base on Balls
Batting: RHB Matt Meeks 0-0: Foul Ball, location: 2F
0-1: Called Strike
0-2: Ball
1-2: Strikes out swinging
Batting: RHB Calvin Ashley 0-0: Called Strike
0-1: Ball
1-1: SINGLE (Groundball, 4S, EV 70.6 MPH) (infield hit)
Ramón Ortíz scores
Jeffrey Sherman to second
Batting: RHB Jesús Galló 0-0: Ball
1-0: Ball
2-0: Foul Ball, location: 5F
2-1: Foul Ball, location: 5FF
2-2: Foul Ball, location: 9LMF
2-2: Strikes out swinging
Top of the 7th over - 1 run, 2 hits, 0 errors, 2 left on base; Albuquerque 5 - Fresno 0
BOTTOM OF THE 7TH
Fresno Grizzlies batting - Pitching for Albuquerque Isotopes : RHP Shao-qi Fung
Batting: RHB Dave Carmera 0-0: Ball
1-0: Called Strike
1-1: Called Strike
1-2: Strikes out swinging
Pitching: LHP Jesse Biddle
Batting: LHB Jacob Sanford 0-0: Ball
1-0: Foul Ball, location: 2F
1-1: Foul Ball, location: 2RF
1-2: Ball
2-2: Ball
3-2: Base on Balls
Batting: RHB John Gilliam 0-0: Hit by Pitch
Jacob Sanford to second
Batting: LHB Michael Perez 0-0: Grounds into double play, 3-6-3 (Groundball, 34, EV 105.0 MPH)
Bottom of the 7th over - 0 runs, 0 hits, 0 errors, 1 left on base; Albuquerque 5 - Fresno 0
TOP OF THE 8TH
Albuquerque Isotopes batting - Pitching for Fresno Grizzlies : RHP Michel Baez
Batting: SHB Drake MacOwl 0-0: Foul Ball, location: 2F
0-1: Swinging Strike
0-2: Ball
1-2: Strikes out swinging
Batting: LHB Travis Jankowski 0-0: Ball
1-0: Called Strike
1-1: Called Strike
1-2: Ground out 4-3 (Groundball, 4, EV 100.6 MPH)
Batting: RHB Luis De La Rosa 0-0: Called Strike
0-1: Called Strike
0-2: Strikes out swinging
Top of the 8th over - 0 runs, 0 hits, 0 errors, 0 left on base; Albuquerque 5 - Fresno 0
BOTTOM OF THE 8TH
Fresno Grizzlies batting - Pitching for Albuquerque Isotopes : LHP Jesse Biddle
Batting: LHB CJ Alexander 0-0: Ball
1-0: Called Strike
1-1: Ball
2-1: Ball
3-1: SINGLE (Line Drive, 6MD, EV 109.4 MPH)
Batting: LHB Colton Cowser 0-0: Ball
1-0: Ball
2-0: Called Strike
2-1: Ball
3-1: Base on Balls
CJ Alexander to second
Batting: LHB Kensuke Kondoh 0-0: Foul Ball, location: 5DF
0-1: Ball
1-1: Called Strike
1-2: SINGLE (Line Drive, 4D, EV 99.4 MPH)
CJ Alexander to third
Colton Cowser to second
Pinch Hitting: RHB Neil Lewis 0-0: Called Strike
0-1: Called Strike
0-2: Ball
1-2: Ball
2-2: Foul Ball, location: 2F
2-2: Ball
3-2: Base on Balls
CJ Alexander scores
Colton Cowser to third
Kensuke Kondoh to second
Batting: LHB Joe Kopriva 0-0: Ball
1-0: Ball
2-0: Foul Ball, location: 9LSF
2-1: Ball
3-1: Fly out, F6 (Popup, 5DF, EV 44.4 MPH)
Batting: RHB Dave Carmera 0-0: Ball
1-0: Called Strike
1-1: SINGLE (Line Drive, 8LS, EV 95.0 MPH)
Colton Cowser scores
Kensuke Kondoh to third
Neil Lewis to second
Runner from 3rd tries for Home, SAFE, throw by CF to home
Batting: LHB Jacob Sanford 0-0: Called Strike
0-1: Swinging Strike
0-2: Ball
Wild Pitch!
Neil Lewis to third
Dave Carmera to second
1-2: SINGLE (Groundball, 6MD, EV 96.9 MPH)
Neil Lewis scores
Dave Carmera to third
Pitching: RHP Brett Conine
Batting: LHB Archie Jensen 0-0: Called Strike
0-1: DOUBLE (Line Drive, 78D, EV 106.3 MPH)
Dave Carmera scores
Jacob Sanford to third
Runner from 3rd tries for Home, SAFE, throw by LF to home
Batting: LHB Michael Perez 0-0: Called Strike
0-1: Foul Ball, location: 23FF
0-2: Foul Ball, location: 2F
0-2: Ball
1-2: Ground out 4-3 (Groundball, 4, EV 82.5 MPH)
Archie Jensen to third
Batting: LHB CJ Alexander 0-0: Called Strike
0-1: Ball
1-1: Swinging Strike
1-2: Strikes out swinging
Bottom of the 8th over - 6 runs, 5 hits, 0 errors, 1 left on base; Albuquerque 5 - Fresno 6
TOP OF THE 9TH
Albuquerque Isotopes batting - Pitching for Fresno Grizzlies : RHP Michel Baez
Pitching: RHP Jesse Patterson
Now at 2B: Daulton Varsho
Now in CF: Neil Lewis
Now in RF: Colton Cowser
Batting: RHB Roberto Sierra 0-0: Fly out, F9 (Flyball, 9LS, EV 86.9 MPH)
Batting: LHB Ramón Ortíz 0-0: Ball
1-0: Hit by Pitch
Batting: RHB Jeffrey Sherman 0-0: Called Strike
0-1: Ball
1-1: Ball
2-1: Fly out, F6 (Popup, 6MD, EV 48.8 MPH)
Batting: RHB Matt Meeks 0-0: Ball
1-0: Swinging Strike
1-1: Ball
2-1: Foul Ball, location: 9LMF
2-2: Foul Ball, location: 7LSF
2-2: SINGLE (Line Drive, 8LS, EV 99.4 MPH)
Ramón Ortíz to second
Batting: RHB Calvin Ashley 0-0: Swinging Strike
0-1: Foul Ball, location: 9LDF
0-2: Strikes out swinging
Top of the 9th over - 0 runs, 1 hit, 0 errors, 2 left on base; Albuquerque 5 - Fresno 6
Thursday, May 2nd , 2024 - OOTP Baseball 24.11 Build 85